 Dungeon Crawl Stone Soup version 0.30.0-10-gfe55d96785 (webtiles) character file.

Game seed: 8599661387626256119

11697 Farfigtubin the Cleaver (level 12, 0/100 HPs)
             Began as a Formicid Fighter on May 14, 2023.
             Was a Priest of Qazlal.
             Slain by a komodo dragon (1 damage)
             ... on level 11 of the Dungeon on May 15, 2023.
             The game lasted 01:19:57 (11373 turns).

Farfigtubin the Cleaver (Formicid Fighter)         Turns: 11373, Time: 01:19:58

Health: 0/100      AC: 14    Str: 25    XL:     12   Next: 11%
Magic:  13/13      EV:  7    Int:  9    God:    Qazlal [***...]
Gold:   906        SH: 14    Dex: 13    Spells: 11/11 levels left

rFire   . . .        a - +0 battleaxe
rCold   . . .        B - +0 kite shield
rNeg    . . .        h - +0 chain mail
rPois   +            (helmet unavailable)
rElec   .            P - +0 cloak
rCorr   .            c - +2 pair of gloves
SInv    +            n - +0 pair of boots
Will    +....        (no amulet) Stlth
                     i - ring of poison resistance
HPRegen 0.36/turn    (no ring)
MPRegen 0.13/turn

%: no passive effects
@: no status effects
A: permanent stasis, dig shafts and tunnels, antennae 3, four strong arms
a: Dig, Shaft Self, Renounce Religion, Upheaval, Elemental Force


You were on level 11 of the Dungeon.
You worshipped Qazlal.
Qazlal was most pleased with you.
You visited 3 branches of the dungeon, and saw 13 of its levels.
You also visited: Sewer.

You collected 906 gold pieces.

Inventory:

Hand Weapons
 a - a +0 battleaxe (weapon)
 b - a +0 dire flail
Missiles
 f - 145 stones
 E - 20 poisoned darts
 K - 3 atropa-tipped darts
 N - 3 boomerangs (quivered)
 Q - a curare-tipped dart
 S - 5 datura-tipped darts
Armour
 c - a +2 pair of gloves (worn)
 h - a +0 chain mail (worn)
 n - a +0 pair of boots (worn)
 B - a +0 kite shield (worn)
 P - a +0 cloak (worn)
Jewellery
 i - a ring of poison resistance (left hand)
 O - a ring of fire
 U - a ring of fire
Wands
 m - a wand of mindburst (5)
 y - a wand of roots (18)
 A - a wand of light (3)
 C - a wand of charming (8)
 T - a wand of digging (4)
Scrolls
 e - 10 scrolls of identify
 g - 3 scrolls of noise {unknown}
 k - 2 scrolls of magic mapping
 q - a scroll of poison {unknown}
 r - a scroll of silence {unknown}
 s - a scroll of enchant armour {unknown}
 v - 2 scrolls of amnesia {unknown}
 w - a scroll of torment {unknown}
 x - 3 scrolls of immolation {unknown}
 D - 3 scrolls of blinking {unknown}
 F - 2 scrolls of fog {unknown}
 H - a scroll of vulnerability {unknown}
 I - a scroll of butterflies {unknown}
 J - 4 scrolls of enchant weapon {unknown}
 M - a scroll of fear {unknown}
 V - a scroll of brand weapon {unknown}
Potions
 d - 3 potions of might
 j - 7 potions of curing
 l - 6 potions of attraction
 o - 4 potions of flight
 p - 3 potions of invisibility
 t - 2 potions of degeneration {unknown}
 u - 2 potions of haste {unknown}
 z - 5 potions of heal wounds
 G - 2 potions of lignification {unknown}
 L - 3 potions of mutation
 R - 2 potions of cancellation {unknown}


   Skills:
 + Level 11.0 Fighting
 * Level 11.6(12.5) Axes
 - Level 7.4(10.5) Maces & Flails
 - Level 3.2 Armour
 - Level 7.0 Shields
 + Level 2.0 Invocations
 - Level 7.0 Evocations


You had 11 spell levels left.
You didn't know any spells.
Your spell library contained the following spells:

 Spells                   Type           Power      Damage    Failure   Level
 Ozocubu's Armour         Ice            0%         N/A       100%        3
 Volatile Blastmotes      Fire/Tloc      0%         2d10      100%        3
 Fulminant Prism          Conj/Hex       0%         3d5       100%        4
 Iskenderun's Mystic Bla  Conj/Tloc      0%         2d3       100%        4
 Arcjolt                  Conj/Air       0%         1d10      100%        5
 Lee's Rapid Deconstruct  Erth           0%         3d4*      100%        5
 Metabolic Englaciation   Hex/Ice        0%         N/A       100%        5
 Plasma Beam              Fire/Air       0%         2x1d11    100%        6
 Simulacrum               Ice/Necr       0%         N/A       100%        6
 Vhi's Electric Charge    Tloc/Air       Unusable   N/A       N/A         3

Dungeon Overview and Level Annotations

Branches:
Dungeon (11/15)            Temple (1/1) D:5            Lair (1/5) D:11
    Orc (0/2) D:11          Sewer (visited)

Altars:
Ashenzari
Cheibriados
Dithmenos
Elyvilon
Fedhas
Gozag
Hepliaklqana
Kikubaaqudgha
Makhleb
Nemelex Xobeh
Okawaru
Qazlal
Ru
Sif Muna
Trog
Uskayaw
Vehumet
Wu Jian
Xom
Yredelemnul
Zin
The Shining One

Annotations:
D:4 1 runed translucent door, 1 exclusion, Crazy Yiuf
D:9 exclusions: obsidian statue and orange crystal statue


Innate Abilities, Weirdness & Mutations

You cannot be hasted, slowed, berserked, paralysed or teleported.
You can dig through walls and to a lower floor.
You have a pair of large antennae on your head. (SInv)
Your four strong arms can wield two-handed weapons with a shield.


Message History

The komodo dragon bites you!
You slash the komodo dragon!
The komodo dragon is moderately wounded.
You barely miss the komodo dragon.
The komodo dragon bites you but does no damage. x2
The komodo dragon bites you! The komodo dragon barely misses you.
You climb upwards.
Welcome back to the Dungeon!
There is a staircase to the Lair here.
You slice the komodo dragon!!
The komodo dragon is severely wounded.
You slash the komodo dragon!
You block the komodo dragon's attack. x2
You barely miss the komodo dragon.
The komodo dragon is severely wounded.
You slash the komodo dragon!
The komodo dragon hisses menacingly.
You block the komodo dragon's attack. x2
You barely miss the komodo dragon.
The komodo dragon is severely wounded.
You barely miss the komodo dragon.
You block the komodo dragon's attack. x2
The komodo dragon bites you but does no damage.
The komodo dragon bites you!!
You closely miss the komodo dragon.
The komodo dragon is severely wounded.
You barely miss the komodo dragon.
You block the komodo dragon's attack. x2
You slash the komodo dragon!
You kill the komodo dragon!
Qazlal accepts your kill.
You hit the komodo dragon. You block the komodo dragon's attack.
Your Invocations skill increases to level 2!
You barely miss the komodo dragon.
The komodo dragon is heavily wounded.
The komodo dragon bites you!!
* * * LOW HITPOINT WARNING * * *
You hit the komodo dragon but do no damage.
The komodo dragon is heavily wounded.
The komodo dragon bites you!!
* * * LOW HITPOINT WARNING * * *
The komodo dragon attacks as you move away!
The komodo dragon bites you.
You die...

#.......#.........###............
##............................>..
##.#....................########.
##.#.#...#...#.######..........#.
##.#.#.........# ###.######.#.
.....##..#.##### #.# #.#.
##...###.#.# #.# #>#. #..##
###### ### ############ ##.#
#....# ##@## #.##..#.#### #.#
#.######l#†#####.#.###....
#.####...#..##...#...#...)....#
#.#..'#.#....#...#...........##
#.##.###.#.............#######
###.##.###.......#.....#..#####
....####.#..#.........####....#
###.# #....#..##..###.# ####.##
..#.# ###.###.###.# ### #..#


You could see a komodo dragon.

Vanquished Creatures
  A two-headed ogre (D:9)
  Amaemon (D:8)
  Pikel (D:4)
  A deep elf pyromancer (D:11)
  Maurice (D:8)
  Joseph (D:8)
  An orange demon (D:8)
  4 kobold demonologists
  3 komodo dragons (D:11)
  2 trolls
  Prince Ribbit (D:6)
  A shadow (D:11)
  3 wyverns
  6 yaks (D:9)
  A steam dragon (D:8)
  6 vampire mosquitoes
  2 acid dragons (D:11)
  2 orc warriors (D:11)
  An ice beast (D:5)
  5 black bears
  An ogre (D:4)
  4 centaurs
  4 kobold brigands
  3 phantoms
  5 bullfrogs
  2 scorpions (D:6)
  7 wights
  4 howler monkeys
  4 hounds
  A gnoll bouda (D:7)
  3 orc priests
  2 jellies
  Ijyb (D:3)
  2 iguanas
  A sleepcap (D:5)
  10 orc wizards
  7 gnolls
  14 adders
  4 river rats (D:3)
  A shadow imp (D:7)
  2 white imps
  An ufetubus (D:5)
  A worm (D:3)
  2 dart slugs
  42 orcs
  6 bats
  11 endoplasms
  2 giant cockroaches
  6 goblins
  6 hobgoblins
  12 jackals
  7 quokkas
  12 ball pythons
  9 frilled lizards
  22 kobolds
  11 rats
276 creatures vanquished.

Vanquished Creatures (others)
  A kobold (D:8)
1 creature vanquished.

Grand Total: 277 creatures vanquished

Notes
Turn   | Place    | Note
-------+----------+-------------------------------------------
     0 | D:1      | Farfigtubin the Formicid Fighter began the quest for the
                  | Orb.
     0 | D:1      | Reached XP level 1. HP: 18/18 MP: 1/1
   176 | D:1      | Found a faded altar of an unknown god.
   378 | D:1      | Reached XP level 2. HP: 24/24 MP: 2/2
   766 | D:1      | Reached XP level 3. HP: 29/30 MP: 3/3
  1356 | D:2      | Reached XP level 4. HP: 37/37 MP: 4/4
  1562 | D:2      | Found a hazy altar of Hepliaklqana.
  1993 | D:3      | Reached XP level 5. HP: 41/42 MP: 5/5
  2121 | D:3      | Found a burning altar of Makhleb.
  2220 | D:3      | Found a glowing drain.
  2229 | D:3      | Reached XP level 6. HP: 47/49 MP: 6/6
  2234 | Sewer    | Entered a sewer
  2395 | Sewer    | Reached skill level 5 in Axes
  2663 | D:3      | Found a radiant altar of Vehumet.
  2877 | D:3      | Reached skill level 5 in Fighting
  2907 | D:4      | Found a shimmering blue altar of Sif Muna.
  2929 | D:4      | Noticed Pikel
  2944 | D:4      | Killed Pikel
  2945 | D:4      | Reached XP level 7. HP: 8/58 MP: 7/7
  2945 | D:4      | Reached XP level 8. HP: 9/64 MP: 8/8
  3362 | D:4      | Noticed Ijyb
  3378 | D:3      | Killed Ijyb
  3394 | D:4      | Found a white marble altar of Elyvilon.
  3544 | D:4      | Found a runed translucent door.
  3545 | D:4      | Noticed Crazy Yiuf
  3788 | D:5      | Entered Level 5 of the Dungeon
  3932 | D:5      | Found a staircase to the Ecumenical Temple.
  3978 | D:5      | Reached skill level 5 in Shields
  4039 | Temple   | Entered the Ecumenical Temple
  4069 | Temple   | Became a worshipper of Qazlal Stormbringer
  4407 | D:5      | Reached skill level 1 in Maces & Flails
  4407 | D:5      | Reached XP level 9. HP: 72/72 MP: 9/9
  4947 | D:6      | Noticed Prince Ribbit
  4962 | D:6      | Killed Prince Ribbit
  5363 | D:6      | Reached * piety under Qazlal
  5508 | D:6      | Reached skill level 1 in Evocations
  5739 | D:7      | Reached skill level 5 in Maces & Flails
  6389 | D:7      | Found a hide-covered altar of Uskayaw.
  6480 | D:8      | Noticed Joseph
  6485 | D:8      | Reached XP level 10. HP: 66/80 MP: 10/10
  6498 | D:8      | Killed Joseph
  6955 | D:8      | Reached ** piety under Qazlal
  7420 | D:8      | You fall into a shaft and drop 1 floor!
  7475 | D:8      | Noticed Amaemon
  7498 | D:8      | Killed Amaemon
  7517 | D:8      | Noticed an orange demon
  7534 | D:8      | Killed an orange demon
  7535 | D:8      | Reached skill level 5 in Evocations
  7653 | D:8      | Noticed Maurice
  7664 | D:8      | Killed Maurice
  7665 | D:8      | Reached XP level 11. HP: 89/89 MP: 11/11
  7912 | D:9      | Identified the +7 rapier "Cynanuor" {flame, Dex+2}
  8060 | D:9      | Noticed an obsidian statue
  8114 | D:9      | Found a blossoming altar of Fedhas.
  8120 | D:9      | Found an ancient bone altar of Kikubaaqudgha.
  8207 | D:9      | Noticed an orange crystal statue
  8581 | D:9      | Reached skill level 10 in Fighting
  8581 | D:9      | Noticed a sun demon
  8862 | D:9      | Reached skill level 10 in Axes
  9234 | D:9      | Noticed a two-headed ogre
  9247 | D:9      | Killed a two-headed ogre
  9459 | D:10     | Entered Level 10 of the Dungeon
  9513 | D:10     | Reached *** piety under Qazlal
  9897 | D:10     | Identified the +1 flail "Teneguc" {heavy, +Blink rF- Str+8
                  | Dex-3}
 10176 | D:11     | Noticed a deep elf pyromancer
 10202 | D:11     | Killed a deep elf pyromancer
 10400 | D:11     | Found a staircase to the Lair.
 10746 | D:11     | Reached XP level 12. HP: 99/99 MP: 12/12
 10959 | D:11     | Reached skill level 1 in Invocations
 11115 | D:11     | Found a staircase to the Orcish Mines.
 11359 | Lair:1   | Entered Level 1 of the Lair of Beasts
 11372 | D:11     | HP: 1/100 [komodo dragon (24)]
 11373 | D:11     | Slain by a komodo dragon

Illustrated notes

Levels and vault maps discovered:
D:1:      onia_arrival_mini_maze_b, layout_loops_corners,
          shapermc_ecumenical_altar_totnotflames, kennysheep_minor_cross
D:2:      wad_woods_stonehenge, layout_basic, nicolae_underground_beach
D:3:      layout_rooms, nicolae_vehumet_altar_sigil, old_standard_altar,
          portal_sewer_entry_e, serial_forest, infiniplex_forest_lined_4_way,
          infiniplex_forest_clump_curved, infiniplex_forest_straight_3,
          infiniplex_forest_clump_small, infiniplex_forest_lined_ring,
          infiniplex_forest_clump_tiny, infiniplex_forest_straight_2,
          kennysheep_generic_room_14
D:4:      layout_rooms, nicolae_sif_muna_condensation,
          mainiacjoe_overflow_paths, uniq_pikel, uniq_crazy_yiuf_cottage,
          uniq_ijyb
D:5:      layout_rooms, minmay_temple_entry_junction, serial_glass,
          glass_columns_b, glass_columns_b, due_unseen_surprise,
          minmay_strange_pillars, feat_on_display, minmay_strange_pillars
D:6:      layout_loops_ring, uniq_prince_ribbit1
D:7:      nicolae_cairo_tiling_large, layout_basic, nicolae_uskayaw_dance_hall,
          chequers_garden
D:8:      layout_rooms, uniq_amaemon, uniq_maurice, uniq_joseph
D:9:      minmay_separated_statues, layout_gridville,
          grunt_temple_overflow_growth_and_decay, kennysheep_generic_room_16
D:10:     layout_rooms, wad_floor_pattern_1, hangedman_decor_lopped,
          corexii_hall_statues_deadend
D:11:     layout_basic, erik_lair_dragon, minmay_orc_entry_temple_small
Temple:   hellmonk_temple_of_storms
Lair:1:   layout_regular_city, lemuel_fruit_fields

Skill      XL: |  1  2  3  4  5  6  7  8  9 10 11 12 |
---------------+-------------------------------------+-----
Axes           | 3 4 7 8 9 11 | 11.6
Fighting       | 4 6 7 8 9 10 11 | 11.0
Shields        | 5 7 |  7.0
Maces & Flails | 1 5 7 |  7.4
Evocations     | 2 5 7 |  7.0
Invocations    | 2 |  2.0
Armour         | |  3.2

Action                     |  1- 3 |  4- 6 |  7- 9 | 10-12 || total
---------------------------+-------+-------+-------+-------++-------
  Melee: War axe           |   112 |   176 |    67 |       ||   355
         Dire flail        |       |       |   197 |   354 ||   551
         Battleaxe         |       |       |       |    33 ||    33
  Throw: Stone             |     3 |       |    26 |       ||    29
         Dart              |       |       |    12 |     8 ||    20
         Throwing net      |       |       |     1 |       ||     1
         Boomerang         |       |       |     2 |    27 ||    29
Ability: Dig               |       |       |     1 |       ||     1
  Evoke: Wand              |       |     4 |     5 |    23 ||    32
    Use: Scroll            |       |       |     4 |     6 ||    10
         Potion            |       |       |       |     1 ||     1
   Stab: Held in net/web   |       |       |     1 |       ||     1
         Invisible         |       |       |       |     4 ||     4
 Armour: Scale mail        |     5 |       |       |       ||     5
         Chain mail        |    58 |    85 |    86 |   212 ||   441
  Dodge: Dodged            |    39 |    66 |    68 |   110 ||   283
  Block: Buckler           |    26 |    31 |    39 |       ||    96
         Kite shield       |       |       |    62 |   328 ||   390
